 Dungeon Crawl Stone Soup version 0.18.1-48-g4cf74bf (webtiles) character file.

1786 PossumBlood the Archer (level 8, -1/54 HPs)
             Began as a High Elf Hunter on Aug 13, 2016.
             Was a Follower of Okawaru.
             Slain by a black bear (3 damage)
             ... on level 7 of the Dungeon.
             The game lasted 00:23:49 (7669 turns).

PossumBlood the Archer (High Elf Hunter)            Turns: 7669, Time: 00:23:50

Health: -1/54      AC:  9    Str: 14    XL:     8   Next: 82%
Magic:  9/9        EV: 10    Int: 16    God:    Okawaru [*.....]
Gold:   365        SH:  0    Dex: 17    Spells: 0 memorised, 7 levels left

rFire  . . .     SeeInvis .     b - +0 short sword
rCold  . . .     Gourm    .     c - +2 leather armour
rNeg   . . .     Faith    .     (no shield)
rPois  +         Spirit   .     u - +0 helmet
rElec  .         Dismiss  .     (no cloak)
rCorr  .         Reflect  .     m - +2 pair of gloves {Str+3}
SustAt .         Harm     .     (no boots)
MR     .....                    r - amulet of magic regeneration
Stlth  +.........               (no ring)
                                y - ring of poison resistance

@: heavily drained, not resistant to hostile enchantments, very unstealthy
A: no striking features
a: Heroism, Renounce Religion


You were on level 7 of the Dungeon.
You worshipped Okawaru.
Okawaru was aware of your devotion.
You were not hungry.

You visited 2 branches of the dungeon, and saw 8 of its levels.

You collected 410 gold pieces.
You spent 45 gold pieces at shops.

Inventory:

Hand Weapons
 a - a +2 shortbow
 b - a +0 short sword (weapon)
 t - a +0 quarterstaff of crushing
Armour
 c - a +2 leather armour (worn)
 m - a +2 pair of gloves of strength (worn)
 u - a +0 helmet (worn)
Jewellery
 r - an amulet of magic regeneration (around neck)
 y - a ring of poison resistance (left hand)
 B - an uncursed ring of teleportation
Wands
 E - a wand of disintegration (4/24)
Scrolls
 n - 5 scrolls of teleportation
 p - 9 scrolls of remove curse
 v - 2 scrolls of recharging
 C - a scroll of fog
Potions
 e - 3 potions of resistance
 g - a potion of cancellation {unknown}
 i - 3 potions of brilliance
 j - a potion of invisibility {unknown}
 k - 2 potions of curing {unknown}
 l - a potion of lignification {unknown}
 q - 2 potions of heal wounds {unknown}
 s - 2 potions of haste
 z - a potion of magic {unknown}
 D - a potion of ambrosia {unknown}
Books
 h - a book of the Sky

   Spells                             Type                      Level
   a - Summon Lightning Spire         Summoning/Air                4
   b - Airstrike                      Air                          4
   c - Silence                        Hexes/Air                    5
   d - Deflect Missiles               Charms/Air                   6
   e - Conjure Ball Lightning         Conjuration/Air              6
   f - Tornado                        Air                          9
 x - an Akashic Record

   Spells                             Type                      Level
   a - Dispersal                      Translocation                6
   b - Malign Gateway                 Summoning/Translocation      7
   c - Disjunction                    Translocation                8
   d - Controlled Blink               Translocation                8
Comestibles
 f - 5 bread rations
 o - a meat ration
 w - a beef jerky
 A - 5 fruits


   Skills:
 * Level 4.2(1.8) Fighting
 - Level 14.2(11.2) Bows
 - Level 2.1(0.0) Dodging
 - Level 1.1(0.0) Stealth


You had 7 spell levels left.
You didn't know any spells.

Dungeon Overview and Level Annotations

Branches:
Dungeon (7/15)             Temple (1/1) D:4

Altars:
Cheibriados
Dithmenos
Elyvilon
Fedhas
Gozag
Kikubaaqudgha
Makhleb
Nemelex Xobeh
Okawaru
Pakellas
Qazlal
Ru
Sif Muna
Trog
Vehumet
Xom
Yredelemnul
The Shining One

Shops:
D:6 (   D:7 (


Message History

The black bear bites you.
* * * LOW HITPOINT WARNING * * *
The black bear claws you but does no damage. x2
The black bear bites you.
* * * LOW HITPOINT WARNING * * *
The black bear claws you.
* * * LOW HITPOINT WARNING * * *
The black bear barely misses you. The black bear bites you.
* * * LOW HITPOINT WARNING * * *
The black bear claws you.
* * * LOW HITPOINT WARNING * * *
The black bear claws you but does no damage.
The black bear bites you but does no damage.
The black bear claws you.
* * * LOW HITPOINT WARNING * * *
The black bear closely misses you.
The black bear rages.
The black bear barely misses you. The black bear claws you.
You die...

##### ###...#
#####.....#
#.........#
#.###.....# #.#
#..<#.#
#.###.###.#
#@#.......#
#h'..).......
#.#....####.#
#.#....# .##
#.#....# ...
#.#....###### ####
#.######....# #...
#.######.##.###.##
#>....(..(..(.....


You could see a black bear (berserk).

Vanquished Creatures
  2 ogres
  A big kobold (D:7)
  3 giant frogs (D:6)
  Blork the orc (D:5)
  A scorpion (D:4)
  A howler monkey (D:6)
  2 crimson imps (D:6)
  A centaur zombie (D:7)
  2 centaur skeletons
  2 hounds
  3 orc wizards
  An orc priest (D:5)
  2 jellies (D:5)
  3 giant frog skeletons
  7 worker ants
  A hound skeleton (D:4)
  11 adders
  8 gnolls (D:6)
  2 oozes (D:1)
  A worm (D:2)
  2 adder skeletons
  3 dart slugs
  4 giant geckos
  12 orcs
  A giant cockroach (D:6)
  2 gnoll zombies (D:2)
  10 goblins
  4 hobgoblins
  8 jackals
  9 kobolds
  3 quokkas
  11 bats
  4 giant newts
  10 rats
138 creatures vanquished.

Notes
Turn   | Place    | Note
--------------------------------------------------------------
     0 | D:1      | PossumBlood the High Elf Hunter began the quest for the Orb.
     0 | D:1      | Reached XP level 1. HP: 14/14 MP: 2/2
   197 | D:1      | Reached skill level 6 in Bows
   197 | D:1      | Reached XP level 2. HP: 19/19 MP: 3/3
   612 | D:2      | Found a snail-covered altar of Cheibriados.
   613 | D:2      | Reached XP level 3. HP: 24/24 MP: 4/4
   907 | D:2      | Found a basalt altar of Yredelemnul.
   969 | D:2      | Reached skill level 7 in Bows
  1069 | D:2      | You fall through a shaft for 2 floors!
  1157 | D:4      | Reached XP level 4. HP: 13/29 MP: 5/5
  1465 | D:4      | Found a staircase to the Ecumenical Temple.
  1474 | D:4      | Reached skill level 8 in Bows
  1484 | Temple   | Entered the Ecumenical Temple
  1758 | D:4      | Reached XP level 5. HP: 34/34 MP: 6/6
  1809 | D:4      | Reached skill level 9 in Bows
  2057 | D:4      | Noticed an ogre
  2069 | D:4      | Killed an ogre
  2069 | D:4      | Reached XP level 6. HP: 39/39 MP: 7/7
  2410 | D:4      | Reached skill level 10 in Bows
  2712 | D:3      | Found an iron altar of Okawaru.
  2725 | D:3      | Became a worshipper of Warmaster Okawaru
  3878 | D:5      | Entered Level 5 of the Dungeon
  4026 | D:5      | Reached skill level 11 in Bows
  4026 | D:5      | Reached XP level 7. HP: 44/45 MP: 8/8
  4516 | D:5      | Noticed Blork the orc
  4523 | D:5      | Killed Blork the orc
  4569 | D:5      | Reached skill level 12 in Bows
  4619 | D:5      | HP: 1/45 [something (3)]
  5227 | D:6      | Reached * piety under Okawaru
  5856 | D:6      | Reached skill level 13 in Bows
  5856 | D:6      | Reached XP level 8. HP: 12/50 MP: 9/9
  6115 | D:6      | Found Icveliag's Weapon Shop.
  6158 | D:6      | Bought 19 arrows for 45 gold pieces
  6637 | D:6      | Reached ** piety under Okawaru
  6637 | D:6      | Reached skill level 14 in Bows
  7092 | D:7      | Found Eroh Leo's Antique Weapon Emporium.
  7667 | D:7      | HP: 2/54 [black bear (3)]
  7669 | D:7      | Slain by a black bear

Skill      XL: |  1  2  3  4  5  6  7  8 |
---------------+-------------------------+-----
Bows           | 6 7 8 9 11 13 14 | 14.2
Fighting       | 4 |  4.2
Dodging        | |  2.1
Stealth        | |  1.1

Action                   |  1- 3 |  4- 6 |  7- 9 || total
-------------------------+-------+-------+-------++-------
Melee: Short sword       |       |       |   161 ||   161
       Shortbow          |       |       |     1 ||     1
 Fire: Shortbow          |    89 |   153 |   220 ||   462
Invok: Heroism           |       |       |     1 ||     1
  Use: Scroll            |       |    10 |     6 ||    16
  Eat: Bread ration      |       |     2 |     2 ||     4
       Fruit             |       |       |     3 ||     3
Armor: Leather armour    |     3 |    23 |   104 ||   130
Dodge: Dodged            |    13 |    50 |   167 ||   230
